 Dungeon Crawl Stone Soup version 0.30-a0-137-gd8773701ce (webtiles) character file.

Game seed: 15853025117864938012

9 blackman the Sneak (level 2, 0/24 HPs)
             Began as a Human Delver on Sept 23, 2022.
             Slain by an ufetubus (2 damage)
             ... on level 5 of the Dungeon.
             The game lasted 00:00:16 (251 turns).

blackman the Sneak (Human Delver)                    Turns: 251, Time: 00:00:16

Health: 0/24       AC:  3    Str: 12    XL:     2   Next: 20%
Magic:  2/2        EV: 12    Int: 10    God:
Gold:   0          SH:  0    Dex: 14    Spells: 1/1 levels left

rFire   . . .      SeeInvis .    a - +0 spear
rCold   . . .      Faith    .    (no shield)
rNeg    . . .      Spirit   .    b - +0 leather armour
rPois   .          Reflect  .    (no helmet)
rElec   .          Harm     .    (no cloak)
rCorr   .          Rampage  .    (no gloves)
Will    .....                    (no boots)
Stlth   +++.......               (no amulet)
HPRegen 0.08/turn                (no ring)
MPRegen 0.08/turn                (no ring)

@: no status effects
A: no striking features
a: no special abilities


You were on level 5 of the Dungeon.
You visited 1 branch of the dungeon, and saw 1 of its levels.

Inventory:

Hand Weapons
 a - a +0 spear (weapon)
Armour
 b - a +0 leather armour (worn)
Wands
 g - a wand of digging (3)
Scrolls
 c - a scroll of fog
 d - a scroll of magic mapping
 e - a scroll of fear
 h - a scroll of vulnerability {unknown}
Potions
 f - a potion of haste


   Skills:
 - Level 3.0 Fighting
 + Level 2.8 Polearms
 - Level 2.0 Dodging
 - Level 5.0 Stealth


You had one spell level left.
You didn't know any spells.
Your spell library contained the following spells:

 Spells                   Type           Power      Damage    Failure   Level
 Magic Dart               Conj           0%         1d3       43%         1
 Call Imp                 Summ           0%         N/A       58%         2
 Mephitic Cloud           Conj/Pois/Air  0%         N/A       82%         3


Dungeon Overview and Level Annotations

Branches:
Dungeon (5/15)
 Temple: D:4-7

Altars:


Message History

The ufetubus barely misses you. x3; The ufetubus closely misses you.
You miss the ufetubus.
The ufetubus hits you but does no damage.
The ufetubus barely misses you.
You hit the ufetubus.
The ufetubus is lightly wounded.
The ufetubus hits you. x2; The ufetubus misses you.
The ufetubus closely misses you.
You barely miss the ufetubus.
The ufetubus is lightly wounded.
The ufetubus barely misses you. The ufetubus hits you.
You hit the ufetubus but do no damage.
The ufetubus is lightly wounded.
The ufetubus closely misses you. x2; The ufetubus barely misses you.
The ufetubus hits you.
You hit the ufetubus but do no damage.
The ufetubus is lightly wounded.
The ufetubus hits you. x2
You are too injured to fight recklessly!
An ufetubus is nearby!
An ufetubus is nearby!
You are too injured to fight recklessly!
You hit the ufetubus.
The ufetubus is moderately wounded.
The ufetubus hits you.
* * * LOW HITPOINT WARNING * * *
The ufetubus misses you. The ufetubus hits you.
* * * LOW HITPOINT WARNING * * *
The ufetubus hits you.
* * * LOW HITPOINT WARNING * * *
You miss the ufetubus.
The ufetubus is moderately wounded.
The ufetubus hits you.
* * * LOW HITPOINT WARNING * * *
The ufetubus hits you but does no damage.
You barely miss the ufetubus.
The ufetubus is moderately wounded.
The ufetubus barely misses you. The ufetubus closely misses you.
The ufetubus hits you.
You die...

.. .#
#.#.########
#.#
#.....5@...#
#.#
###.######.#
#.# #.# #.#
#.###.#
#.....##
####...#
#...# #.#.#
#.#.#


You could see an ufetubus.

Vanquished Creatures
  An adder (D:5)
1 creature vanquished.

Notes
Turn   | Place    | Note
-------+----------+-------------------------------------------
     0 | D:5      | blackman the Human Delver began the quest for the Orb.
     0 | D:5      | Reached XP level 1. HP: 18/18 MP: 1/1
    44 | D:5      | Reached XP level 2. HP: 14/24 MP: 2/2
   251 | D:5      | Slain by an ufetubus

Illustrated notes

Levels and vault maps discovered:
D:5:      layout_loops_ring, trog_wizard, minmay_temple_entry_stoned_glass,
          corner_web_ring

Action                   || total
-------------------------++-------
Melee: Spear             ||    25
 Stab: Sleeping          ||     1
Armor: Leather armour    ||     5
Dodge: Dodged            ||    38

Table legend: (Time is in decaauts)
 A = Elapsed time spent in this place.
 B = Non-inter-level travel time spent in this place.
 C = Inter-level travel time spent in this place.
 D = Time resting spent in this place.
 E = Time spent auto-exploring this place.
 F = Levels seen in this place.
 G = Mean time per level.
                   A        B        C        D        E       F      G
               +--------+--------+--------+--------+--------+-----+--------+
         Total |    250 |    250 |      0 |    173 |     41 |   1 |  250.0 |
       Dungeon |    250 |    250 |      0 |    173 |     41 |   1 |  250.0 |
               +--------+--------+--------+--------+--------+-----+--------+

Top non-repeatable levels by time:
     D:5: 250 daAuts
